 Dungeon Crawl Stone Soup version 0.30-a0-1163-gf69bf04e7a (webtiles) character file.

Game seed: 10475721186510672971

2089 graymark the Trooper (level 9, -4/80 (82) HPs)
             Began as a Naga Fighter on Apr 28, 2023.
             Was a Believer of Okawaru.
             Slain by an orc knight
             ... wielding a +0 battleaxe
              (14 damage)
             ... in a bailey.
             The game lasted 00:21:57 (6392 turns).

graymark the Trooper (Naga Fighter)                 Turns: 6392, Time: 00:21:57

HP:   -4/80 (82)    AC: 12    Str: 26    XL:     9   Next: 27%
MP:   0/18          EV:  9    Int:  8    God:    Okawaru [**....]
Gold: 564           SH:  4    Dex: 12    Spells: 8/8 levels left

rFire   + . .        H - +9 flail of Bread {drain, rF+ Str+4}
rCold   . . .        b - +0 buckler
rNeg    . . .        a - +0 scale mail
rPois   +            (no helmet)
rElec   .            (no cloak)
rCorr   .            q - +0 pair of gloves
SInv    +            (no barding)
Will    +....        p - amulet of guardian spirit
Stlth   ++           w - +4 ring of protection
HPRegen 0.33/turn    C - ring of magical power
MPRegen 0.16/turn

%: guardian spirit
@: lightly drained, very slow
A: AC +3, large, see invisible, deformed body, poison resistance, slowness 2,
spit poison 1, naga tail 1
a: Spit Poison, Renounce Religion, Heroism


You were in a bailey.
You worshipped Okawaru.
Okawaru was pleased with you.
You visited 2 branches of the dungeon, and saw 9 of its levels.
You also visited: Bailey.

You collected 564 gold pieces.

Inventory:

Hand Weapons
 d - a +2 hand axe of electrocution
 x - a +0 war axe of venom
 H - the +9 flail of Bread (weapon) {drain, rF+ Str+4}
   (You took it off a kobold in a bailey)

   Str:       It affects your strength (+4).
   rF:        It protects you from fire.
Missiles
 e - 3 throwing nets
 j - 23 boomerangs (quivered)
 v - 2 javelins
Armour
 a - a +0 scale mail (worn)
 b - a +0 buckler (worn)
 f - a +0 chain mail
 q - a +0 pair of gloves (worn)
 y - an orb of mayhem
 F - the +2 ring mail "Lazouku" {rPois rF- rCorr Slay+6}
   (You found it on level 8 of the Dungeon)

   Slay:      It affects your accuracy & damage with ranged weapons and melee
   (+6).
   rF:        It makes you vulnerable to fire.
   rPois:     It protects you from poison.
   rCorr:     It protects you from acid and corrosion.
Jewellery
 p - an amulet of guardian spirit (around neck)
 w - a +4 ring of protection (left hand)
 C - a ring of magical power (right hand)
 E - a ring of willpower
Wands
 m - a wand of flame (11)
 A - a wand of iceblast (11)
Scrolls
 h - a scroll of teleportation
 o - a scroll of noise
 s - a scroll of acquirement {unknown}
 t - 3 scrolls of fear {unknown}
 u - a scroll of poison {unknown}
 B - 2 scrolls of enchant weapon {unknown}
 D - a scroll of torment {unknown}
Potions
 c - a potion of might
 g - 3 potions of attraction
 i - a potion of lignification {unknown}
 k - 2 potions of heal wounds {unknown}
 l - 2 potions of magic
 n - a potion of mutation {unknown}
 r - a potion of haste
 z - a potion of invisibility {unknown}
 G - a potion of brilliance {unknown}


   Skills:
 * Level 6.2 Fighting
 * Level 5.1 Axes
 * Level 5.1 Armour
 * Level 4.4 Dodging
 + Level 5.9 Stealth
 - Level 3.6 Shields
 - Level 2.0 Unarmed Combat


You had 8 spell levels left.
You didn't know any spells.
Your spell library contained the following spells:

 Spells                   Type           Power      Damage    Failure   Level
 Dazzling Flash           Conj/Hex       0%         N/A       98%         3
 Volatile Blastmotes      Fire/Tloc      0%         2d10      98%         3
 Iskenderun's Mystic Bla  Conj/Tloc      0%         2d3       100%        4
 Manifold Assault         Tloc           0%         N/A       100%        4
 Dispersal                Tloc           0%         N/A       100%        6
 Starburst                Conj/Fire      0%         6d3       100%        6
 Orb of Destruction       Conj           0%         9d5       100%        7
 Disjunction              Tloc           0%         N/A       100%        8
 Summon Guardian Golem    Hex/Summ       Unusable   N/A       N/A         3
 Spellforged Servitor     Conj/Summ      Unusable   N/A       N/A         7

Dungeon Overview and Level Annotations

Branches:
Dungeon (8/15)             Temple (1/1) D:5          Bailey (1/1)
   Lair: D:8-11

Altars:
Ashenzari
Cheibriados
Dithmenos
Elyvilon
Fedhas
Gozag
Hepliaklqana
Kikubaaqudgha
Nemelex Xobeh
Okawaru
Qazlal
Ru
Sif Muna
Trog
Uskayaw
Vehumet
Wu Jian
Xom
Yredelemnul
Zin
The Shining One

Annotations:
D:5 1 runed translucent door, bmj180's ghost, novice DrFE


Innate Abilities, Weirdness & Mutations

Your serpentine skin is tough. (AC +3)
You have supernaturally acute eyesight. (SInv)
Armour fits poorly on your strangely shaped body.
Your system is resistant to poisons. (rPois)
You cover ground very slowly.
You can spit poison.
You have a snake-like lower body.


Message History

The splash of poison misses the orc knight.
The kobold brigand barely misses you.
The orc knight hits you with a +0 battleaxe.
You sock the orc knight! You drain the orc knight.
The orc knight is heavily wounded.
The kobold brigand hits you but does no damage.
The orc knight misses you.
You sock the orc knight!
The orc knight is heavily wounded.
The kobold brigand hits you but does no damage.
The kobold brigand hits you with a +0 war axe.
The kobold brigand hits you with a +0 war axe!
You block the orc knight's attack.
You hit the orc knight.
The orc knight is severely wounded.
The kobold brigand hits you with a +0 war axe.
You block the kobold brigand's attack.
The kobold brigand hits you with a +0 war axe.
The orc knight barely misses you.
You hit the orc knight. You drain the orc knight.
The orc knight is severely wounded.
The kobold brigand hits you but does no damage.
The kobold brigand hits you with a +0 war axe.
The orc knight hits you with a +0 battleaxe!!
The kobold brigand hits you with a +0 war axe!
The kobold brigand hits you with a +0 war axe.
The orc knight hits you with a +0 battleaxe.
* * * LOW HITPOINT WARNING * * *
The kobold brigand hits you but does no damage.
The kobold brigand barely misses you.
You sock the orc knight!
The orc knight is almost dead.
You have got your breath back.
The kobold brigand hits you with a +0 war axe!
* * * LOW HITPOINT WARNING * * *
The kobold brigand hits you with a +0 war axe.
* * * LOW HITPOINT WARNING * * *
The kobold brigand closely misses you.
The orc knight hits you with a +0 battleaxe!
You die...

...~~.......~~..
###~~.......~~###
...~~.......~~..
###~~.......~~##
...~~.......~~..
###~~.......~~##
##~.......~##
####'''####
##...K@##
#∩...oKK#
#...8...#
##..(..## ###'###
... .... ....
....


You could see an orc knight (drained) and 3 kobold brigands.

Vanquished Creatures
  A water moccasin (D:7)
  An ice beast (D:6)
  A sky beast (D:6)
  3 ogres
  3 centaurs
  3 kobold brigands (Bailey)
  2 bullfrogs
  A gnoll sergeant (D:8)
  A scorpion (D:7)
  4 wights (D:7)
  A howler monkey (D:6)
  2 hounds
  An orc priest (D:6)
  A gnoll bouda (D:7)
  2 sleepcaps (D:5)
  3 iguanas
  3 orc wizards
  14 gnolls
  7 adders
  A white imp (D:5)
  An ufetubus (D:6)
  2 worms
  20 orcs
  5 endoplasms
  3 giant cockroaches
  10 goblins
  3 hobgoblins
  2 quokkas (D:5)
  2 ball pythons (D:1)
  4 bats
  2 frilled lizards
  11 kobolds
  3 rats
123 creatures vanquished.

Vanquished Creatures (others)
  6 toadstools (D:8)
  2 withered plants (D:5)
8 creatures vanquished.

Grand Total: 131 creatures vanquished

Notes
Turn   | Place    | Note
-------+----------+-------------------------------------------
     0 | D:1      | graymark the Naga Fighter began the quest for the Orb.
     0 | D:1      | Reached XP level 1. HP: 21/21 MP: 1/1
   361 | D:1      | Reached XP level 2. HP: 28/28 MP: 2/2
   423 | D:1      | Found a faded altar of an unknown god.
   493 | D:2      | Reached skill level 1 in Stealth
   615 | D:2      | Reached XP level 3. HP: 34/34 MP: 3/3
  1492 | D:3      | Reached skill level 1 in Axes
  1492 | D:3      | Reached skill level 1 in Dodging
  1633 | D:4      | Reached XP level 4. HP: 35/42 MP: 2/4
  1872 | D:4      | Reached XP level 5. HP: 34/49 MP: 3/5
  2595 | D:5      | Entered Level 5 of the Dungeon
  2756 | D:5      | Reached XP level 6. HP: 53/57 MP: 4/6
  2825 | D:5      | Found a staircase to the Ecumenical Temple.
  2833 | Temple   | Entered the Ecumenical Temple
  3036 | Temple   | Became a worshipper of Warmaster Okawaru
  3273 | D:5      | Found a runed translucent door.
  3274 | D:5      | Noticed bmj180's ghost (novice DrFE)
  3681 | D:6      | Reached skill level 4 in Fighting
  3857 | D:6      | Reached XP level 7. HP: 53/64 MP: 7/7
  4106 | D:6      | Reached * piety under Okawaru
  4505 | D:6      | Found a shadowy altar of Dithmenos.
  4802 | D:7      | Reached skill level 5 in Fighting
  4802 | D:7      | Reached XP level 8. HP: 74/74 MP: 8/8
  4995 | D:7      | HP: 3/71 [wight/+1 halberd of venom (3)]
  5568 | D:7      | Reached skill level 5 in Stealth
  5990 | D:8      | Identified the +2 ring mail "Lazouku" {rPois rF- rCorr
                  | Slay+6}
  6005 | D:8      | Reached XP level 9. HP: 74/82 MP: 9/9
  6046 | D:8      | Reached skill level 6 in Fighting
  6085 | D:8      | Reached skill level 5 in Axes
  6085 | D:8      | Reached skill level 5 in Armour
  6225 | D:8      | Found a flagged portal.
  6242 | Bailey   | Entered a bailey
  6306 | Bailey   | Reached ** piety under Okawaru
  6338 | Bailey   | Identified the +9 flail of Bread {drain, rF+ Str+4}
  6378 | Bailey   | Noticed an orc knight
  6392 | Bailey   | Slain by an orc knight

Illustrated notes

Levels and vault maps discovered:
D:1:      lightli_arrival_maybe_door_vault, layout_rooms,
          shapermc_ecumenical_altar_venn
D:2:      layout_rooms, serial_curves, eino_curves_04, eino_curves_04,
          dk_noncrumbling_2, uniq_crazy_yiuf_cottage
D:3:      layout_basic, minivault_19
D:4:      layout_basic
D:5:      layout_cave_pools, minmay_temple_entry_overgrown,
          gammafunk_ghost_grave
D:6:      layout_loops_corners, grunt_dithmenos_smoke_and_mirrors
D:7:      layout_basic
D:8:      layout_loops_ring, enter_bailey_5, minmay_gold_behind_fungi
Temple:   nicolae_temple_slightly_damp_pantheon
Bailey:   bailey_axe_3, bailey

Skill      XL: |  1  2  3  4  5  6  7  8  9 |
---------------+----------------------------+-----
Stealth        | 1 2 3 4 5 |  5.9
Shields        | 3 |  3.6
Axes           | 1 2 3 4 5 |  5.1
Dodging        | 1 2 3 4 |  4.4
Armour         | 3 4 5 |  5.1
Fighting       | 4 5 6 |  6.2
Unarmed Combat | |  2.0

Action                     |  1- 3 |  4- 6 |  7- 9 || total
---------------------------+-------+-------+-------++-------
  Melee: Hand axe          |    85 |   130 |   165 ||   380
         Unarmed           |     5 |       |       ||     5
         Flail             |       |       |     5 ||     5
  Throw: Boomerang         |       |       |     5 ||     5
 Invoke: Heroism           |       |       |     3 ||     3
Ability: Spit Poison       |     2 |     8 |    14 ||    24
  Evoke: Wand              |       |       |     1 ||     1
    Use: Scroll            |       |     6 |     1 ||     7
         Potion            |       |       |     2 ||     2
 Armour: Scale mail        |    40 |    60 |    90 ||   190
  Dodge: Dodged            |    32 |    27 |    82 ||   141
  Block: Buckler           |    17 |    36 |    48 ||   101

Table legend: (Time is in decaauts)
 A = Elapsed time spent in this place.
 B = Non-inter-level travel time spent in this place.
 C = Inter-level travel time spent in this place.
 D = Time resting spent in this place.
 E = Time spent auto-exploring this place.
 F = Levels seen in this place.
 G = Mean time per level.
                   A        B        C        D        E       F      G
               +--------+--------+--------+--------+--------+-----+--------+
         Total |   8106 |   7705 |    401 |   1395 |   4879 |  10 |  810.6 |
       Dungeon |   7624 |   7297 |    327 |   1347 |   4673 |   8 |  953.0 |
        Temple |    310 |    236 |     74 |      0 |    205 |   1 |  310.0 |
        Bailey |    171 |    171 |      0 |     48 |      0 |   1 |  171.0 |
               +--------+--------+--------+--------+--------+-----+--------+

Top non-repeatable levels by time:
     D:6: 1544 daAuts
     D:7: 1287 daAuts
     D:4: 1266 daAuts
     D:2: 1018 daAuts
     D:5: 981 daAuts
     D:1: 648 daAuts
     D:3: 498 daAuts
     D:8: 378 daAuts
  Temple: 310 daAuts
  Bailey: 171 daAuts
